 Dungeon Sprint DCSS version 0.21.0-24-g2553a33 (webtiles) character file.

986 letownia2 the Grappler (level 7, 0/74 HPs)
             Began as a Troll Wizard on Jan 19, 2018.
             Was an Initiate of Ru.
             Slain by a deep troll (25 damage)
             ... in the Dungeon (Sprint I: "Red Sonja").
             The game lasted 00:02:36 (339 turns).

letownia2 the Grappler (Troll Wizard)                Turns: 339, Time: 00:02:37

Health: 0/74       AC:  5    Str: 16    XL:     7   Next: 97%
Magic:  5/13       EV:  9    Int: 16    God:    Ru [......]
Gold:   614        SH:  0    Dex:  8    Spells: 6/15 levels left

rFire    . . .     SeeInvis .     - Unarmed
rCold    . . .     Gourm    +   (no shield)
rNeg     . . .     Faith    .   a - +0 robe
rPois    .         Spirit   .   b - +0 hat
rElec    .         Reflect  .   (no cloak)
rCorr    .         Harm     .   (gloves unavailable)
MR       .....     NoTele   +   (boots unavailable)
Stlth    +.........             (no amulet)
HPRegen  0.62/turn              (no ring)
MPRegen  0.13/turn              (no ring)

@: no status effects
A: large, unfitting armour, claws 3, fast metabolism 3, gourmand, regeneration
1, shaggy fur 1, tough skin 2
a: Renounce Religion


You were in the Dungeon.
You worshipped Ru.
Ru was noncommittal.
You were not hungry.

You visited 1 branch You collected 614 gold pieces.

Inventory:

Hand Weapons
 l - a +0 blowgun
Missiles
 m - 6 curare-tipped needles
Armour
 a - a +0 robe (worn)
 b - a +0 hat (worn)
Scrolls
 j - a scroll of blinking
Potions
 e - 3 potions of curing
 f - a potion of heal wounds
 g - a potion of haste
 h - 2 potions of magic
 i - a potion of berserk rage
 k - 2 potions of degeneration {unknown}
Books
 c - a book of Minor Magic

   Spells                             Type                      Level
   a - Magic Dart                     Conjuration                  1
   b - Blink                          Translocation                2
   c - Call Imp                       Summoning                    2
   d - Slow                           Hexes                        2
   e - Conjure Flame                  Conjuration/Fire             3
   f - Mephitic Cloud                 Conjuration/Poison/Air       3
Comestibles
 d - 3 rations


   Skills:
 + Level 5.6 Fighting
 - Level 1.5 Dodging
 - Level 1.0 Stealth
 * Level 10.8 Unarmed Combat
 - Level 4.6 Spellcasting
 - Level 5.0 Conjurations
   Level 0.6 Summonings
 - Level 2.3 Translocations
 - Level 2.5 Fire Magic
 - Level 2.1 Air Magic
 - Level 2.2 Poison Magic


You had 6 spell levels left.
You knew the following spells:

 Your Spells              Type           Power        Failure   Level  Hunger
a - Magic Dart            Conj           ###.         1%          1    None
b - Blink                 Tloc           N/A          9%          2    ##.....
c - Conjure Flame         Conj/Fire      ###.....     10%         3    ###....
e - Mephitic Cloud        Conj/Pois/Air  ##......     13%         3    ###....


Dungeon Overview and Level Annotations

Branches:
Dungeon (1/1)

Altars:
Cheibriados
Dithmenos
Elyvilon
Fedhas
Gozag
Hepliaklqana
Kikubaaqudgha
Nemelex Xobeh
Okawaru
Qazlal
Ru
Sif Muna
Trog
Uskayaw
Vehumet
Wu Jian
Yredelemnul
Zin
The Shining One

Shops:
D %?


Innate Abilities, Weirdness & Mutations

You are too large for most types of armour.
You have claws for hands.
Your metabolism is lightning-fast.
You like to eat raw meat.
Your natural rate of healing is unusually fast.
You are covered in fur. (AC +1)
You have very tough skin. (AC +2)


Message History

Firing (i - inventory):
m - 8 curare-tipped needles (quivered)
Press: ? - help, Shift-Dir - straight line, f/p - deep troll
Aim: a deep troll (flame, lightly wounded)
You shoot a curare-tipped needle.
The curare-tipped needle barely misses the deep troll.
The deep troll is engulfed in blazing flames.
Unknown command.
Firing (i - inventory):
m - 7 curare-tipped needles (quivered)
Press: ? - help, Shift-Dir - straight line, f/p - deep troll
Aim: a deep troll (flame, moderately wounded)
You shoot a curare-tipped needle.
The curare-tipped needle closely misses the deep troll.
The deep troll is engulfed in blazing flames.
The deep troll bites you!! The deep troll claws you! x2
Unknown command.
Unknown command.
You are now empty-clawed.
The deep troll is engulfed in blazing flames.
The deep troll bites you!!
You die...

#..#####'#####'#
#..####..#...#.#
#..#__####..##.#
#.)#_____##'#_.+
#⌠⌠#_.∩...'..._#
####_..__##_.#+#
#_____###'#
############.####+###
#∩........'.@T'§$.$(+
###++++####..)#######
###.### #.#'#.#
#.....# #..)(.#
#######


You could see a deep troll.

Vanquished Creatures
  Sonja (D)
  Sigmund (D)
  A yak (D)
  An ogre (D)
  A jelly (D)
  Ijyb (D)
  8 ballistomycetes (D)
14 creatures vanquished.

Vanquished Creatures (others)
  2 ballistomycete spores (D)
2 creatures vanquished.

Grand Total: 16 creatures vanquished

Notes
Turn   | Place    | Note
-------+----------+-------------------------------------------
     0 | D        | letownia2 the Troll Wizard began the quest for the Orb.
     0 | D        | Reached XP level 1. HP: 16/16 MP: 2/2
     2 | D        | Noticed Ijyb
    17 | D        | Killed Ijyb
    17 | D        | Reached skill level 4 in Unarmed Combat
    17 | D        | Reached XP level 2. HP: 26/29 MP: 4/4
    29 | D        | Learned a level 2 spell: Blink
    30 | D        | Noticed an ogre
    44 | D        | Killed an ogre
    44 | D        | Reached skill level 7 in Unarmed Combat
    44 | D        | Reached XP level 3. HP: 12/39 MP: 3/5
    44 | D        | Reached XP level 4. HP: 15/48 MP: 3/6
    50 | D        | Learned a level 3 spell: Mephitic Cloud
   104 | D        | Noticed Sigmund
   109 | D        | Killed Sigmund
   109 | D        | Reached skill level 8 in Unarmed Combat
   109 | D        | Reached XP level 5. HP: 54/54 MP: 3/8
   114 | D        | Learned a level 3 spell: Conjure Flame
   128 | D        | Found an ornate altar of the Wu Jian Council.
   128 | D        | Found a deep blue altar of Sif Muna.
   130 | D        | Found a radiant altar of Vehumet.
   138 | D        | Reached XP level 6. HP: 59/62 MP: 3/9
   156 | D        | Found Xessoag's Magic Scroll Emporium.
   156 | D        | Found an ancient bone altar of Kikubaaqudgha.
   156 | D        | Found a hazy altar of Hepliaklqana.
   156 | D        | Found a hide-covered altar of Uskayaw.
   156 | D        | Found a basalt altar of Yredelemnul.
   156 | D        | Found an opulent altar of Gozag.
   156 | D        | Found a snail-covered altar of Cheibriados.
   156 | D        | Found a sacrificial altar of Ru.
   156 | D        | Found a shadowy altar of Dithmenos.
   156 | D        | Noticed a yak
   159 | D        | Killed a yak
   159 | D        | Reached skill level 9 in Unarmed Combat
   160 | D        | Found a stormy altar of Qazlal.
   160 | D        | Found a blossoming altar of Fedhas.
   160 | D        | Found a bloodstained altar of Trog.
   160 | D        | Found an iron altar of Okawaru.
   160 | D        | Found a glowing golden altar of the Shining One.
   160 | D        | Found a glowing silver altar of Zin.
   160 | D        | Found a white marble altar of Elyvilon.
   161 | D        | Found a sparkling altar of Nemelex Xobeh.
   166 | D        | Became a worshipper of Ru the Awakened
   193 | D        | Noticed Sonja
   201 | D        | Killed Sonja
   201 | D        | Reached skill level 5 in Fighting
   201 | D        | Reached skill level 10 in Unarmed Combat
   201 | D        | Reached skill level 5 in Conjurations
   201 | D        | Reached XP level 7. HP: 58/74 MP: 5/13
   228 | D        | Found Lyvuh's Food Boutique.
   326 | D        | Noticed a deep troll
   339 | D        | Slain by a deep troll

Skill      XL: |  1  2  3  4  5  6 |
---------------+-------------------+-----
Fighting       | 2 4 5 |  5.6
Unarmed Combat | 4 7 8 10 | 10.8
Conjurations   | 2 5 |  5.0
Translocations | 2 |  2.3
Air Magic      | 2 |  2.1
Poison Magic   | 2 |  2.2
Spellcasting   | 3 4 |  4.6
Fire Magic     | 2 |  2.5
Dodging        | |  1.5
Stealth        | |  1.0
Summonings     | |  0.6

Action                   |  1- 3 |  4- 6 |  7- 9 || total
-------------------------+-------+-------+-------++-------
Melee: Unarmed           |    19 |    10 |    22 ||    51
       Punch             |     1 |     1 |     2 ||     4
 Fire: Blowgun           |       |       |     3 ||     3
 Cast: Magic Dart        |     1 |       |       ||     1
       Mephitic Cloud    |       |     3 |       ||     3
       Conjure Flame     |       |       |     3 ||     3
       Blink             |       |       |     1 ||     1
  Eat: Chunk             |     3 |       |       ||     3
Armor: Robe              |     2 |     1 |       ||     3
Dodge: Dodged            |     6 |     2 |       ||     8
